 Dungeon Crawl Stone Soup version 0.24-a0-235-g3f03afc (webtiles) character file.

Game seed: 10528604630469535662

13304 xeno23 the Covert (level 12, -8/80 HPs)
             Began as an Octopode Assassin on Apr 5, 2019.
             Was a Follower of Uskayaw.
             Mangled by a komodo dragon (10 damage)
             ... on level 2 of the Lair of Beasts.
             The game lasted 01:10:15 (12874 turns).

xeno23 the Covert (Octopode Assassin)              Turns: 12874, Time: 01:10:15

Health: -8/80      AC:  1    Str: 12    XL:     12   Next: 4%
Magic:  2/17       EV: 16    Int: 13    God:    Uskayaw [*.....]
Gold:   985        SH:  5    Dex: 17    Spells: 12/17 levels left

rFire    . . .     SeeInvis .   a - +3 dagger (venom)
rCold    + . .     Gourm    .   u - +0 buckler
rNeg     . . .     Faith    .   (helmet restricted)
rPois    +         Spirit   .   (no amulet)
rElec    .         Reflect  .   j - ring of protection from cold
rCorr    .         Harm     .   y - ring of poison resistance
MR       .....                  (no ring)
Stlth    ++++++....             (no ring)
HPRegen  0.23/turn              (no ring)
MPRegen  0.15/turn              (no ring)
                                (no ring)
                                (no ring)

@: about to teleport, marked, very slightly contaminated
A: almost no armour, stealthy swim, amphibious, 8 rings, constrict 8, camouflage
1, gelatinous body 1
a: Stomp, Renounce Religion


You were on level 2 of the Lair of Beasts.
You worshipped Uskayaw.
Uskayaw was noncommittal.
You were hungry.

You visited 2 branches of the dungeon, and saw 13 of its levels.
You also visited: Bailey.

You collected 985 gold pieces.

Inventory:

Hand Weapons
 a - a +3 dagger of venom (weapon)
 s - a +0 blowgun
Missiles
 c - 45 poisoned needles
 o - 10 curare-tipped needles
 v - 2 throwing nets
 G - 2 needles of sleeping
 H - 44 tomahawks of returning (quivered)
Armour
 u - a +0 buckler (worn)
Jewellery
 j - a ring of protection from cold (left tentacle)
 y - a ring of poison resistance (right tentacle)
Wands
 d - a wand of iceblast (5)
 e - a wand of polymorph (10)
 w - a wand of random effects (13)
 A - a wand of paralysis (4)
 D - a wand of flame (27)
Scrolls
 g - a scroll of teleportation
 h - 4 scrolls of amnesia
 i - 2 scrolls of enchant armour {unknown}
 l - 2 scrolls of random uselessness {unknown}
 n - 8 scrolls of remove curse
 r - 2 scrolls of magic mapping {unknown}
 B - 2 scrolls of fog {unknown}
 C - a scroll of enchant weapon {unknown}
 I - 2 scrolls of fear {unknown}
 J - a scroll of holy word {unknown}
 K - a scroll of blinking {unknown}
 L - a scroll of vulnerability {unknown}
 M - a scroll of identify
Potions
 b - 2 potions of curing
 k - a potion of heal wounds
 m - a potion of berserk rage
 p - 8 potions of flight
 t - a potion of might
 x - a potion of degeneration
 z - a potion of cancellation {unknown}
 E - a potion of mutation {unknown}
 F - a potion of ambrosia {unknown}
Comestibles
 f - 18 rations
 q - a chunk of flesh


   Skills:
 + Level 6.9 Fighting
 * Level 9.5 Short Blades
 - Level 6.0 Throwing
 - Level 5.0 Dodging
 - Level 10.0 Stealth
 - Level 4.0 Shields
 - Level 3.0 Spellcasting
 * Level 6.7 Hexes
 - Level 7.0 Invocations
 - Level 5.0 Evocations


You had 12 spell levels left.
You knew the following spells:

 Your Spells              Type           Power        Failure   Level  Hunger
a - Confuse               Hex            ###.....     4%          3    ###....
b - Passwall              Tmut/Erth      #.......     34%         2    ###....

Your spell library contained the following spells:

 Spells                   Type           Power        Failure   Level  Hunger
 Confusing Touch          Hex            ###...       1%          1    #......
 Inner Flame              Hex/Fire       ##......     17%         3    ###....
 Flame Tongue             Conj/Fire      #....        22%         1    #......
 Sandblast                Erth           #.....       22%         1    #......
 Throw Flame              Conj/Fire      #.....       34%         2    ###....
 Conjure Flame            Conj/Fire      #.......     56%         3    ###....
 Gell's Gravitas          Tloc           #.........   56%         3    ###....
 Stone Arrow              Conj/Erth      #.....       56%         3    ###....
 Metabolic Englaciation   Hex/Ice        ##........   85%         5    ######.
 Yara's Violent Unravell  Hex/Tmut       ##........   85%         5    ######.
 Petrify                  Tmut/Erth      #.......     92%         4    #####..
 Sticky Flame             Conj/Fire      #.......     92%         4    #####..
 Fireball                 Conj/Fire      #.........   99%         5    ######.
 Lee's Rapid Deconstruct  Erth           #.........   99%         5    ######.


Dungeon Overview and Level Annotations

Branches:
Dungeon (11/15)            Temple (0/1) D:7            Lair (2/6) D:8
    Orc (0/2) D:11
  Swamp: Lair:2-4    Shoals: Lair:2-4     Snake: Lair:2-4    Spider: Lair:2-4

Altars:
Ashenzari
Cheibriados
Dithmenos
Gozag
Makhleb
Nemelex Xobeh
Okawaru
Ru
Uskayaw
Wu Jian

Shops:
D:5 }

Annotations:
D:8 2 transporters, Lanoc's ghost, novice TrBe
D:11 Erica
Lair:1 exclusions: hydra and 2 yaks


Innate Abilities, Weirdness & Mutations

You cannot wear most types of armour.
You are very stealthy in the water. (Stealth+)
You are amphibious.
You can wear up to eight rings at the same time.
You can use your tentacles to constrict eight enemies at once.
Your skin changes colour to match your surroundings (Stealth+).
Your rubbery body absorbs attacks. (AC +1, EV +1)


Message History

The spiny frog suddenly stops moving!
The komodo dragon seems less confused.
You block the bullfrog's attack. The komodo dragon barely misses you.
You block the bullfrog's attack.
The bullfrog snags a nearby millipede with its tongue.
The komodo dragon completely misses you.
The bullfrog closely misses you. The bullfrog hits you.
* * * LOW HITPOINT WARNING * * *
You take 1 damage.
The bullfrog closely misses you. The bullfrog misses you.
As you read the scroll of teleportation, it crumbles to dust.
You feel strangely unstable. You block the bullfrog's attack.
The water moccasin bites you!
* * * LOW HITPOINT WARNING * * *
You take 9 damage.
The water moccasin closely misses you. The bullfrog barely misses you.
The water moccasin bites you.
* * * LOW HITPOINT WARNING * * *
The komodo dragon bites you!
You die...

##. ... ..........#
... ..........# ....#
.##.P.P.....#
P............#.....##
#...#..............P#
#...#........P.....#
#...+....... #.....#
#............#..@..##
P............#.lSF..#
#..............F...##
P..>................#
#...#........#.....##
#....###.##.#......#
...................#
...................##
.##[..#.............#


You could see a komodo dragon, a spiny frog (paralysed), a water moccasin and a
bullfrog.

Vanquished Creatures
  A two-headed ogre (D:8)
  An orc knight (Bailey)
  6 elephants (Lair:1)
  A black mamba (Lair:1)
  5 spiny frogs (Lair:1)
  6 komodo dragons
  3 hippogriffs
  Sigmund (D:2)
  Eustachio (D:6)
  Grum (D:10)
  3 wyverns (D:8)
  An acid dragon (D:8)
  Duvessa (D:6)
  5 porcupines (Lair:1)
  5 water moccasins
  An ice beast (D:7)
  5 ogres
  7 orc warriors (Bailey)
  2 phantoms
  A necrophage (D:10)
  3 wolves
  3 centaurs
  2 crocodiles (Lair:1)
  Blork the orc (D:4)
  6 bullfrogs
  Dowan (D:6)
  4 scorpions
  2 howler monkeys (D:8)
  4 crimson imps
  A centaur zombie (D:7)
  5 hounds
  6 orc priests
  A jelly (D:7)
  4 iguanas
  Natasha (twice) (D:4)
  2 orc wizards
  5 worker ants
  A hound zombie (D:8)
  A hound skeleton (D:7)
  2 worker ant zombies
  Robin (D:2)
  6 gnolls
  A howler monkey zombie (D:8)
  19 adders
  A shadow imp (D:7)
  3 oozes
  An adder skeleton (D:5)
  3 worms
  3 dart slugs
  2 leopard geckos
  21 orcs
  4 ball pythons
  6 giant cockroaches
  21 goblins
  4 hobgoblins
  12 jackals
  24 kobolds
  3 quokkas
  7 bats
  6 frilled lizards
  2 orc zombies (D:11)
  2 quokka skeletons
  6 rats
271 creatures vanquished.

Vanquished Creatures (others)
  A fungus (Lair:1)
  3 plants (Lair:1)
4 creatures vanquished.

Grand Total: 275 creatures vanquished

Notes
Turn   | Place    | Note
-------+----------+-------------------------------------------
     0 | D:1      | xeno23 the Octopode Assassin began the quest for the Orb.
     0 | D:1      | Reached XP level 1. HP: 14/14 MP: 1/1
    64 | D:1      | Reached XP level 2. HP: 18/19 MP: 2/2
   196 | D:1      | Reached XP level 3. HP: 24/24 MP: 3/3
   965 | D:2      | Noticed Sigmund
  1002 | D:2      | Found an opulent altar of Gozag.
  1016 | D:2      | Found a sparkling altar of Nemelex Xobeh.
  1054 | D:2      | Reached XP level 4. HP: 30/30 MP: 4/4
  1095 | D:2      | Noticed Robin
  1187 | D:2      | Killed Robin
  1187 | D:2      | Reached skill level 6 in Stealth
  1262 | D:2      | Found a burning altar of Makhleb.
  1263 | D:2      | Found a shadowy altar of Dithmenos.
  1264 | D:2      | Found a sacrificial altar of Ru.
  1282 | D:2      | Found a hide-covered altar of Uskayaw.
  1352 | D:2      | Reached XP level 5. HP: 36/36 MP: 5/5
  1412 | D:2      | Became a worshipper of Uskayaw the Reveler
  1474 | D:2      | Reached * piety under Uskayaw
  1631 | D:2      | Reached ** piety under Uskayaw
  1792 | D:3      | Found a shattered altar of Ashenzari.
  1887 | D:3      | Reached *** piety under Uskayaw
  1982 | D:3      | Found an iron altar of Okawaru.
  2238 | D:3      | Reached XP level 6. HP: 19/42 MP: 6/6
  2705 | D:2      | Killed Sigmund
  2833 | D:4      | Reached skill level 7 in Stealth
  2833 | D:4      | Reached XP level 7. HP: 47/47 MP: 7/7
  2850 | D:4      | Reached skill level 5 in Short Blades
  2961 | D:4      | Noticed Natasha
  2970 | D:4      | Killed Natasha
  3124 | D:4      | Noticed Blork the orc
  3127 | D:4      | Killed Blork the orc
  3127 | D:4      | Reached skill level 1 in Invocations
  3208 | D:4      | Noticed Natasha
  3213 | D:4      | Killed Natasha
  3349 | D:4      | Reached XP level 8. HP: 54/54 MP: 9/9
  3673 | D:5      | Entered Level 5 of the Dungeon
  3868 | D:5      | Found Figas's Gadget Shop.
  4179 | D:6      | Found a sparkling altar of Nemelex Xobeh.
  4438 | D:6      | Reached skill level 1 in Evocations
  4440 | D:6      | Noticed Eustachio
  4444 | D:6      | Reached skill level 1 in Shields
  4632 | D:6      | Killed Eustachio
  4632 | D:6      | Reached skill level 5 in Throwing
  4691 | D:6      | Noticed Duvessa
  4759 | D:6      | Noticed Dowan
  4786 | D:6      | Killed Duvessa
  5268 | D:6      | Killed Dowan
  5268 | D:6      | Reached skill level 8 in Stealth
  5313 | D:7      | Reached XP level 9. HP: 50/59 MP: 11/11
  5633 | D:7      | Found a staircase to the Ecumenical Temple.
  5844 | D:7      | Found a snail-covered altar of Cheibriados.
  6164 | D:7      | Found an ornate altar of the Wu Jian Council.
  6175 | D:7      | Learned a level 3 spell: Confuse
  6253 | D:8      | Found a flagged portal.
  6253 | D:8      | Found a transporter.
  6254 | D:8      | Noticed Lanoc's ghost (novice TrBe)
  6256 | D:8      | Noticed a two-headed ogre
  6312 | Bailey   | Entered a bailey
  6318 | Bailey   | Noticed an orc knight
  6591 | Bailey   | Reached skill level 1 in Hexes
  6612 | Bailey   | Reached skill level 1 in Spellcasting
  6865 | Bailey   | Killed an orc knight
  6865 | Bailey   | Reached skill level 5 in Fighting
  6923 | Bailey   | Reached XP level 10. HP: 66/66 MP: 13/13
  7299 | D:8      | You fall through a shaft for 3 floors!
  7342 | D:11     | Noticed Erica
  7344 | D:11     | Found a staircase to the Orcish Mines.
  7352 | D:10     | Entered Level 10 of the Dungeon
  7519 | D:10     | Reached skill level 5 in Invocations
  7520 | D:10     | Reached **** piety under Uskayaw
  8084 | D:10     | Noticed Grum
  8163 | D:10     | Killed Grum
  8713 | D:8      | Found a transporter.
  8811 | D:8      | Noticed a two-headed ogre
  8841 | D:8      | Killed a two-headed ogre
  8841 | D:8      | Reached skill level 9 in Stealth
  8841 | D:8      | Reached skill level 5 in Evocations
  9380 | D:8      | Learned a level 2 spell: Passwall
  9600 | D:8      | Found a staircase to the Lair.
  9666 | Lair:1   | Entered Level 1 of the Lair of Beasts
  9715 | Lair:1   | Reached XP level 11. HP: 60/72 MP: 4/15
 10070 | Lair:1   | Noticed an eight-headed hydra
 11413 | Lair:1   | Reached skill level 5 in Hexes
 11862 | Lair:1   | Reached skill level 10 in Stealth
 12041 | Lair:1   | Reached skill level 5 in Dodging
 12601 | Lair:2   | Reached XP level 12. HP: 80/80 MP: 6/17
 12874 | Lair:2   | HP: 2/80 [water moccasin (4)]
 12874 | Lair:2   | Mangled by a komodo dragon

Levels and vault maps discovered:
D:1:      roderic_dead_forest, layout_basic
D:2:      layout_basic, nicolae_overflow_quartered_altars,
          overflow_temple_1_default, grunt_gozag_statues, uniq_sigmund,
          uniq_robin
D:3:      layout_loops_ring, nicolae_ashenzari_panopticon, okawaru_gym_becter
D:4:      layout_loops_corners, first_ration, minmay_pentomino_pile,
          uniq_blork_the_orc, uniq_natasha
D:5:      layout_basic, serial_shops, shop
D:6:      layout_loops_ring, nemelex_xobeh_ov_fountains_minmay, uniq_eustachio,
          uniq_duvessa
D:7:      layout_loops_ring, cheibrodos_worm_habitat, lemuel_doored_altar,
          temple_fountains, serial_park_tiny_pond, grunt_ogre_cave
D:8:      layout_basic, erik_lair_dragon, gammafunk_ghost_smash, enter_bailey_2
D:9:      dragon1_lemuel, layout_long_grid, xom_redecorated
D:10:     layout_roguey, feat_on_display, uniq_grum
D:11:     layout_rooms, zombieorc2_lemuel, uniq_erica, uniq_erolcha
Lair:1:   layout_regular_city, nzn_random_ring
Lair:2:   lemuel_reptile_caves, layout_chaotic_city, st_stairs_8
Bailey:   bailey_axe_4, bailey

Skill      XL: |  1  2  3  4  5  6  7  8  9 10 11 |
---------------+----------------------------------+-----
Short Blades   | 3 4 5 6 7 9 |  9.5
Stealth        | 6 7 8 9 10 | 10.0
Fighting       | 3 4 5 6 |  6.9
Throwing       | 3 4 5 6 |  6.0
Invocations    | 1 3 4 6 7 |  7.0
Evocations     | 2 3 5 |  5.0
Shields        | 2 3 4 |  4.0
Dodging        | 2 3 5 |  5.0
Hexes          | 2 4 6 |  6.7
Spellcasting   | 1 3 |  3.0

Action                   |  1- 3 |  4- 6 |  7- 9 | 10-12 || total
-------------------------+-------+-------+-------+-------++-------
Melee: Dagger            |    69 |   141 |   292 |   285 ||   787
       Constrict         |    12 |    40 |    49 |    35 ||   136
       Tentacles         |     6 |    30 |    61 |    77 ||   174
 Fire: Blowgun           |       |     9 |    46 |    61 ||   116
Throw: Tomahawk          |       |       |     3 |     6 ||     9
 Cast: Confuse           |       |       |       |    58 ||    58
       Passwall          |       |       |       |     9 ||     9
Invok: Line Pass         |       |     1 |     2 |       ||     3
Evoke: Wand              |       |       |       |     5 ||     5
  Use: Scroll            |       |     2 |     6 |     3 ||    11
       Potion            |       |       |       |     5 ||     5
 Stab: Sleeping          |    13 |     8 |    19 |    18 ||    58
       Paralysed         |       |     2 |     5 |     7 ||    14
       Distracted        |       |     1 |     4 |     1 ||     6
       Confused          |       |       |     1 |    10 ||    11
  Eat: Chunk             |       |     6 |    14 |    19 ||    39
       Ration            |       |       |       |     2 ||     2
Armor: Skin              |     3 |    12 |     3 |     4 ||    22
Dodge: Dodged            |    49 |    59 |   106 |   137 ||   351
Block: Buckler           |       |       |    31 |    57 ||    88

Table legend:
 A = Non-vault XP
 B = Vault XP
 C = Vault XP percentage of total XP
 D = Non-vault monster count
 E = Vault monster count
 F = Vault count percentage of total count
                 A         B        C        D         E       F
            +---------+---------+-------+---------+---------+-------
      Total |   11444 |    7562 |  39.8 |     185 |      86 |  31.7
            +---------+---------+-------+---------+---------+-------
        D:1 |      64 |       0 |   0.0 |      32 |       0 |   0.0
        D:2 |     103 |     261 |  71.7 |      23 |      14 |  37.8
        D:3 |     158 |       0 |   0.0 |      22 |       0 |   0.0
        D:4 |     495 |     201 |  28.9 |      21 |       7 |  25.0
        D:5 |     120 |       0 |   0.0 |       6 |       0 |   0.0
        D:6 |     507 |     431 |  45.9 |      14 |       3 |  17.6
        D:7 |     605 |     123 |  16.9 |      11 |       2 |  15.4
        D:8 |    1933 |    1125 |  36.8 |      22 |       5 |  18.5
        D:9 |     165 |       0 |   0.0 |       4 |       0 |   0.0
       D:10 |     537 |     433 |  44.6 |       9 |       3 |  25.0
       D:11 |      75 |      43 |  36.4 |       2 |       3 |  60.0
     Lair:1 |    6005 |    2864 |  32.3 |      15 |      13 |  46.4
     Lair:2 |     677 |     513 |  43.1 |       4 |       9 |  69.2
     Bailey |       0 |    1568 | 100.0 |       0 |      27 | 100.0
            +---------+---------+-------+---------+---------+-------
